 Dungeon Crawl Stone Soup version 0.28.0-53-g5a82cb258f (webtiles) character file.

Game seed: 10779653182599281639

10756 Peloso the Carver (level 11, -3/101 HPs)
             Began as a Minotaur Fighter on May 27, 2022.
             Was a High Priest of Okawaru.
             Slain by a two-headed ogre
             ... wielding a +0 giant club
              (19 damage)
             ... on level 11 of the Dungeon.
             The game lasted 00:18:12 (13401 turns).

Peloso the Carver (Minotaur Fighter)               Turns: 13401, Time: 00:18:13

Health: -3/101     AC: 17    Str: 22    XL:     11   Next: 40%
Magic:  8/10       EV: 10    Int:  5    God:    Okawaru [*****.]
Gold:   787        SH:  8    Dex: 13    Spells: 10/10 levels left

rFire   + . .      SeeInvis .   a - +4 scimitar
rCold   + . .      Faith    .   c - +1 buckler
rNeg    . . .      Spirit   .   G - +0 plate armour {rF+}
rPois   .          Reflect  .   (helmet restricted)
rElec   .          Harm     .   (no cloak)
rCorr   .          Rampage  .   (no gloves)
Will    .....                   (no boots)
Stlth   ..........              (no amulet)
HPRegen 0.26/turn               q - +4 ring of slaying
MPRegen 0.12/turn               (no ring)

@: heroic, spiked
A: horns 2, retaliatory headbutt, cold resistance 1
a: Renounce Religion, Heroism, Finesse, Duel


You were on level 11 of the Dungeon.
You worshipped Okawaru.
Okawaru was extremely pleased with you.
You visited 2 branches of the dungeon, and saw 12 of its levels.
You also visited: Sewer and Ossuary.

You collected 787 gold pieces.

Inventory:

Hand Weapons
 a - a +4 scimitar (weapon)
 b - a +1 hand axe of flaming
Armour
 c - a +1 buckler (worn)
 g - a +0 scale mail
 n - a +0 pair of gloves
 G - a +0 plate armour of fire resistance (worn)
Jewellery
 f - a ring of protection from cold
 j - a +6 ring of intelligence
 k - a +4 ring of protection
 q - a +4 ring of slaying (left hand)
 w - an amulet of magic regeneration
 z - the ring of Fouck {Will- EV+4 Str+4 Slay+3 Stlth+}
   (You found it on level 5 of the Dungeon)

   [ring of evasion]

   EV:        It affects your evasion (+4).
   Str:       It affects your strength (+4).
   Slay:      It affects your accuracy & damage with ranged weapons and melee
   (+3).
   Will:      It decreases your willpower.
   Stlth:     It makes you more stealthy.
 H - a +6 ring of intelligence
Wands
 e - a wand of iceblast (11)
 t - a wand of flame (6)
 y - a wand of mindburst (10)
 B - a wand of digging (7)
Scrolls
 h - 2 scrolls of holy word
 m - 2 scrolls of blinking
 p - 2 scrolls of teleportation
 r - 10 scrolls of identify
 u - 2 scrolls of amnesia
 A - a scroll of magic mapping
 E - a scroll of silence {unknown}
 F - a scroll of enchant weapon {unknown}
Potions
 d - 3 potions of might
 i - 2 potions of cancellation
 l - 4 potions of curing
 s - a potion of experience
 v - a potion of haste
 x - 2 potions of flight
 C - 2 potions of heal wounds {unknown}
 D - a potion of mutation
Miscellaneous
 o - a box of beasts


   Skills:
 + Level 10.3(15.3) Fighting
 + Level 13.6(18.6) Long Blades
 + Level 11.0(16.0) Armour
 + Level 4.7(9.7) Dodging
 + Level 2.2(7.2) Stealth
 + Level 7.7(12.7) Shields
 + Level 1.0 Invocations


You had 10 spell levels left.
You didn't know any spells.
Your spell library contained the following spells:

 Spells                   Type           Power      Damage    Failure   Level
 Apportation              Tloc           0%         N/A       99%         1
 Beastly Appendage        Tmut           0%         N/A       99%         1
 Magic Dart               Conj           0%         1d3       99%         1
 Wereblood                Tmut           0%         N/A       100%        2
 Confusing Touch          Hex            0%         N/A       100%        3
 Mephitic Cloud           Conj/Pois/Air  0%         N/A       100%        3
 Spider Form              Tmut/Pois      0%         N/A       100%        3
 Fireball                 Conj/Fire      0%         3d3       100%        5
 Yara's Violent Unravell  Hex/Tmut       0%         3d3       100%        5
 Starburst                Conj/Fire      0%         6d3       100%        6
 Enfeeble                 Hex            0%         N/A       100%        7
 Ignition                 Fire           0%         3d3       100%        8
 Animate Skeleton         Necr           Unusable   N/A       N/A         1
 Summon Small Mammal      Summ           Unusable   N/A       N/A         1
 Call Imp                 Summ           Unusable   N/A       N/A         2

Dungeon Overview and Level Annotations

Branches:
Dungeon (11/15)            Temple (1/1) D:4            Lair (0/6) D:8
  Sewer (visited)         Ossuary (visited)
    Orc: D:9-12

Altars:
Cheibriados
Dithmenos
Elyvilon
Hepliaklqana
Kikubaaqudgha
Makhleb
Okawaru
Sif Muna
Trog
Vehumet
Yredelemnul
The Shining One

Shops:
D:5 :   D:6 (   D:7 !   D:10 *

Annotations:
D:8 4 runed translucent doors


Innate Abilities, Weirdness & Mutations

You have a pair of horns on your head.
You reflexively headbutt those who attack you in melee.
Your flesh is cold resistant. (rC+)


Message History

The arrow closely misses you.
An orc wizard comes into view. It is wielding a +0 dagger.
The two-headed ogre shouts in stereo!
The centaur shoots an arrow.
The arrow barely misses you.
The centaur shoots an arrow.
The arrow hits you!
Unknown command.
You hit the manticore but do no damage. You block the manticore's attack.
The manticore closely misses you. x2
Unknown command.
You slice the manticore!!
The manticore is severely wounded.
The manticore bites you but does no damage.
The manticore claws you!
* * * LOW HITPOINT WARNING * * *
You block the manticore's attack.
Unknown command.
You slash the manticore! Your headbutt misses the manticore.
The manticore is almost dead.
Unknown command.
You slash the manticore!
You kill the manticore!
Okawaru accepts your kill.
Your base Armour skill increases to level 11!
Your Invocations skill increases to level 1!
Unknown command.
Unknown command.
You hit the two-headed ogre. You headbutt the two-headed ogre.
The two-headed ogre is lightly wounded.
The two-headed ogre barely misses you.
The two-headed ogre hits you with a +0 giant spiked club!
* * * LOW HITPOINT WARNING * * *
The orc wizard mumbles some strange words.
The orc wizard flickers and vanishes!
Deactivating autopickup; reactivate with Ctrl-A.
The howler monkey hoots and howls with incredible vigour!
You dice the two-headed ogre like an onion!!!
You headbutt the two-headed ogre!
The two-headed ogre is almost dead.
The two-headed ogre hits you with a +0 giant club!!
You die...

##.^.##........#
......#........#
..................
.......^...........
........##.#.##.###
........##.#.# .#
........##.... .
#######.##.#.#(
#@†..#.... #O##.#
#. #{# .. #h# ...
.c. #. ..# ..# #...


You could see a two-headed ogre, a centaur and a howler monkey.

Vanquished Creatures
  3 two-headed ogres
  A cyclops (D:10)
  A manticore (D:11)
  A kobold demonologist (D:10)
  3 trolls
  Prince Ribbit (D:8)
  A slime creature (D:9)
  5 yaks (D:8)
  3 wyverns
  A steam dragon (D:6)
  Edmund (D:5)
  2 acid dragons
  Pargi (D:3)
  3 sky beasts
  An orc warrior (D:9)
  2 black bears
  A necrophage (D:6)
  3 centaurs
  3 ogres
  2 phantoms
  5 bullfrogs
  8 scorpions
  17 killer bees
  2 water moccasin skeletons
  4 wights (D:7)
  2 howler monkeys
  A bullfrog zombie (D:7)
  2 orc priests
  4 hounds
  A jelly (D:5)
  6 centaur zombies
  A gnoll shaman (D:5)
  Jessica (D:3)
  5 iguanas
  Ijyb (D:2)
  4 orc wizards (D:9)
  A killer bee zombie (D:9)
  9 mummies
  A howler monkey zombie (D:7)
  A howler monkey skeleton (D:5)
  12 adders
  A white imp (D:6)
  An ufetubus (D:3)
  An adder skeleton (D:4)
  4 worms
  2 dart slugs (D:3)
  13 orcs
  15 endoplasms
  14 giant cockroaches
  5 goblins
  6 hobgoblins
  8 jackals
  11 quokkas
  7 ball pythons
  7 bats
  12 frilled lizards
  4 gnoll zombies (Ossuary)
  3 hobgoblin zombies (Ossuary)
  8 kobolds
  A kobold zombie (Ossuary)
  11 rats
261 creatures vanquished.

Vanquished Creatures (others)
  4 plants
  A withered plant (D:1)
5 creatures vanquished.

Grand Total: 266 creatures vanquished

Notes
Turn   | Place    | Note
-------+----------+-------------------------------------------
     0 | D:1      | Peloso the Minotaur Fighter began the quest for the Orb.
     0 | D:1      | Reached XP level 1. HP: 19/19 MP: 0/0
   277 | D:1      | Found a faded altar of an unknown god.
   300 | D:1      | Reached XP level 2. HP: 17/27 MP: 1/1
   620 | D:1      | Reached XP level 3. HP: 29/33 MP: 2/2
   931 | D:2      | Reached skill level 3 in Long Blades
  1586 | D:2      | Reached XP level 4. HP: 35/40 MP: 3/3
  2519 | D:3      | Noticed Ijyb
  2537 | D:2      | Killed Ijyb
  2538 | D:2      | Reached skill level 4 in Long Blades
  2736 | D:3      | Reached XP level 5. HP: 32/46 MP: 4/4
  2974 | D:3      | Found a shadowy altar of Dithmenos.
  3085 | D:3      | Noticed Pargi
  3093 | D:3      | Killed Pargi
  3094 | D:3      | Reached skill level 5 in Long Blades
  3094 | D:3      | Reached skill level 5 in Armour
  3094 | D:3      | Reached XP level 6. HP: 45/53 MP: 5/5
  3907 | D:3      | Noticed Jessica
  3911 | D:3      | Killed Jessica
  4021 | D:4      | Found a glowing drain.
  4025 | Sewer    | Entered a sewer
  4031 | Sewer    | Reached skill level 1 in Dodging
  4284 | Sewer    | Reached skill level 6 in Long Blades
  4570 | Sewer    | Reached skill level 5 in Fighting
  4591 | Sewer    | Reached XP level 7. HP: 48/61 MP: 6/6
  4779 | D:4      | Reached skill level 5 in Shields
  4947 | D:4      | Reached skill level 7 in Long Blades
  5122 | D:4      | Found a staircase to the Ecumenical Temple.
  5372 | Temple   | Entered the Ecumenical Temple
  5487 | Temple   | Became a worshipper of Warmaster Okawaru
  5587 | D:5      | Entered Level 5 of the Dungeon
  5599 | D:5      | Found a sand-covered staircase.
  5604 | Ossuary  | Entered an ossuary
  5694 | Ossuary  | Reached XP level 8. HP: 13/70 MP: 7/7
  6163 | D:5      | Found a glowing golden altar of the Shining One.
  6348 | D:5      | Noticed Edmund
  6371 | D:5      | Killed Edmund
  6371 | D:5      | Reached * piety under Okawaru
  6372 | D:5      | Reached skill level 8 in Long Blades
  6854 | D:5      | Identified the ring of Fouck {Will- EV+4 Str+4 Slay+3
                  | Stlth+}
  7182 | D:5      | Found Hafen's Book Shop.
  7491 | D:6      | Reached skill level 1 in Stealth
  7496 | D:6      | Reached skill level 9 in Long Blades
  7540 | D:7      | Reached XP level 9. HP: 59/79 MP: 8/8
  7544 | D:7      | Reached ** piety under Okawaru
  7556 | D:7      | Gained mutation: Your flesh is cold resistant. (rC+)
                  | [potion of mutation]
  7761 | D:8      | Found a staircase to the Lair.
  7773 | D:8      | Found a runed translucent door.
  8121 | D:6      | Found Assi's Weapon Boutique.
  8270 | D:6      | Noticed a two-headed ogre
  8280 | D:6      | Killed a two-headed ogre
  8280 | D:6      | Reached *** piety under Okawaru
  8281 | D:6      | Reached skill level 10 in Long Blades
  9532 | D:7      | Found Osaenu's Distillery.
 10051 | D:7      | Found an ancient bone altar of Kikubaaqudgha.
 10265 | D:7      | Found a snail-covered altar of Cheibriados.
 10368 | D:8      | Found a runed translucent door.
 10395 | D:8      | Noticed a troll
 10406 | D:8      | Reached skill level 11 in Long Blades
 10409 | D:8      | Reached XP level 10. HP: 70/88 MP: 6/9
 10762 | D:8      | Noticed Prince Ribbit
 10778 | D:8      | Killed Prince Ribbit
 10778 | D:8      | Reached **** piety under Okawaru
 10963 | D:8      | Found a radiant altar of Vehumet.
 11281 | D:8      | Found a large runed translucent door.
 11282 | D:8      | Found a large runed translucent door.
 11490 | D:8      | Noticed a cyclops
 11564 | D:9      | Reached skill level 12 in Long Blades
 12030 | D:9      | Noticed a two-headed ogre
 12036 | D:9      | Killed a two-headed ogre
 12367 | D:9      | Reached skill level 10 in Armour
 12661 | D:10     | Entered Level 10 of the Dungeon
 12671 | D:10     | Reached XP level 11. HP: 99/99 MP: 10/10
 12682 | D:10     | Reached skill level 13 in Long Blades
 12907 | D:10     | Reached ***** piety under Okawaru
 12985 | D:10     | Reached skill level 10 in Fighting
 13238 | D:10     | Found Decollis's General Store.
 13380 | D:11     | Noticed a two-headed ogre
 13387 | D:11     | Killed a two-headed ogre
 13393 | D:11     | Noticed a two-headed ogre
 13399 | D:11     | Reached skill level 1 in Invocations
 13401 | D:11     | Slain by a two-headed ogre

Illustrated notes

Levels and vault maps discovered:
D:1:      scummos_arrival_hexagon, layout_rooms,
          ebering_ecumenical_altar_petrified, serial_park_tiny_2
D:2:      layout_basic
D:3:      cheibrodos_old_hovel, layout_basic,
          mainiacjoe_overflow_concentric_impassable, hex_intersection,
          corexii_item_surrounded_by_moat, minmay_stone_trees_small, uniq_ijyb,
          uniq_pargi, uniq_jessica
D:4:      layout_rooms, minmay_temple_entry_poolview, gup_sewer_entry_bowl,
          serial_bayou_pond_c
D:5:      kb_forest_paths, layout_rooms, lemuel_doored_altar, serial_shops,
          shop_fountains, enter_ossuary_5, uniq_edmund
D:6:      layout_loops_ring, serial_shops, shop,
          nicolae_concentric_dashed_squares_wild, eino_tiny_chamber
D:7:      layout_layer_cave, slow_altar_2, lemuel_crystal_altar, serial_shops,
          shop_statue
D:8:      cheibrodos_histonic, layout_basic, jmf_multi_god_temple2,
          kennysheep_little_box, uniq_prince_ribbit1
D:9:      layout_loops_ring, minmay_microvault
D:10:     layout_rooms, serial_shops, nicolae_shop_stone, kennysheep_nub,
          nicolae_elevator_lobby_asterisk
D:11:     layout_basic, minmay_diced_spiral
Temple:   regret_index_temple_generic_petals

Skill      XL: |  1  2  3  4  5  6  7  8  9 10 11 |
---------------+----------------------------------+-----
Armour         | 4 5 6 7 9 10 11 | 11.0
Shields        | 4 5 6 7 |  7.7
Fighting       | 4 5 6 7 8 9 10 | 10.3
Long Blades    | 3 4 5 6 7 9 11 12 13 | 13.6
Dodging        | 1 2 4 |  4.7
Stealth        | 1 2 |  2.2
Invocations    | 1 |  1.0

Action                   |  1- 3 |  4- 6 |  7- 9 | 10-12 || total
-------------------------+-------+-------+-------+-------++-------
Melee: Long sword        |    69 |   197 |   215 |       ||   481
       Headbutt          |     7 |    30 |    52 |    43 ||   132
       Scimitar          |       |       |    57 |   182 ||   239
Invok: Heroism           |       |       |     3 |     3 ||     6
  Use: Potion            |     4 |     2 |     4 |       ||    10
       Scroll            |     3 |     6 |     4 |       ||    13
Armor: Scale mail        |    45 |    69 |    82 |    12 ||   208
       Plate armour      |       |       |       |    52 ||    52
Dodge: Dodged            |    50 |    91 |   103 |    84 ||   328
Block: Buckler           |    24 |    51 |    79 |    51 ||   205
